 Dungeon Crawl Stone Soup version 0.23-a0-78-gc252fe1 (webtiles) character file.

1134 GroovyGamera the Ruffian (level 8, -1/80 HPs)
             Began as a Troll Monk on Aug 10, 2018.
             Was a Believer of Makhleb.
             Slain by an ice beast (2 damage)
             ... on level 4 of the Dungeon.
             The game lasted 00:06:53 (3368 turns).

GroovyGamera the Ruffian (Troll Monk)               Turns: 3368, Time: 00:06:53

Health: -1/80      AC:  5    Str: 20    XL:     8   Next: 14%
Magic:  10/10      EV: 10    Int:  6    God:    Makhleb [**....]
Gold:   174        SH:  0    Dex: 14    Spells: 7/7 levels left

rFire    . . .     SeeInvis .     - Unarmed
rCold    . . .     Gourm    +   (no shield)
rNeg     . . .     Faith    .   a - +0 robe
rPois    .         Spirit   .   (helmet restricted)
rElec    .         Reflect  .   (no cloak)
rCorr    .         Harm     .   (gloves unavailable)
MR       .....                  (boots unavailable)
Stlth    ++........             (no amulet)
HPRegen  0.63/turn              (no ring)
MPRegen  0.12/turn              (no ring)

@: no status effects
A: large, unfitting armour, claws 3, fast metabolism 3, gourmand, regeneration
1, shaggy fur 1, tough skin 2
a: Minor Destruction, Renounce Religion


You were on level 4 of the Dungeon.
You worshipped Makhleb.
Makhleb was pleased with you.
You were very full.

You visited 1 branch of the dungeon, and saw 4 of its levels.

You collected 174 gold pieces.

Inventory:

Missiles
 k - 74 bolts
Armour
 a - a +0 robe (worn)
Jewellery
 g - an uncursed amulet of the gourmand {unknown}
Scrolls
 c - 5 scrolls of identify {unknown}
 d - a scroll of amnesia {unknown}
 e - a scroll of remove curse {unknown}
 h - 2 scrolls of teleportation {unknown}
 i - a scroll of immolation {unknown}
 j - a scroll of enchant armour {unknown}
 m - 2 scrolls of magic mapping {unknown}
 n - a scroll of noise {unknown}
 q - a scroll of fog {unknown}
 r - a scroll of fear {unknown}
 v - a scroll of random uselessness {unknown}
 w - 2 scrolls of enchant weapon {unknown}
Potions
 f - 2 potions of degeneration {unknown}
 l - a potion of curing {unknown}
 o - a potion of agility {unknown}
 p - a potion of resistance
 s - a potion of lignification {unknown}
 t - a potion of berserk rage {unknown}
 u - 2 potions of flight {unknown}
 x - a potion of brilliance {unknown}
Comestibles
 b - 7 rations


   Skills:
 + Level 5.3 Fighting
 - Level 2.4 Dodging
 - Level 1.0 Stealth
 + Level 6.5 Unarmed Combat
 * Level 4.5 Invocations


You had 7 spell levels left.
You didn't know any spells.
Your spell library was empty.

Dungeon Overview and Level Annotations

Branches:
Dungeon (4/15)             Temple (0/1) D:4

Altars:
Gozag
Makhleb
Nemelex Xobeh

Annotations:
D:4 1 transporter


Innate Abilities, Weirdness & Mutations

You are too large for most types of armour.
You have claws for hands.
Your metabolism is lightning-fast.
You like to eat raw meat.
Your natural rate of healing is unusually fast.
You are covered in fur. (AC +1)
You have very tough skin. (AC +2)


Message History

The ice beast hits you. The ice beast freezes you!
You closely miss the ice beast.
The ice beast is almost dead.
The ice beast barely misses you.
You closely miss the ice beast.
You claw the ice beast, but do no damage.
The ice beast is almost dead.
The ice beast hits you. The ice beast freezes you!
* * * LOW HITPOINT WARNING * * *
You barely miss the ice beast.
The ice beast is almost dead.
The ice beast hits you.
* * * LOW HITPOINT WARNING * * *
The ice beast freezes you!
* * * LOW HITPOINT WARNING * * *
Okay, then.
You closely miss the ice beast.
The ice beast is almost dead.
The ice beast hits you.
You die...

......## #§§.(©!..§#
#........ #######
#§§§$%$§§§# #........
#§§§...§§.# ##.......
#§§§§§§§§.# #.......
#§§§§§§§§§# ##......
####§§§##### #......
#§§...§§#.# ##......
#§§#Y#§§#.# #...##..
#§§..@§§#.#####..#####
#§§#©#§§#.......##
#§§§§§§§#.......##
#§§§§§§§######...#
######### ##..##
#.©..# ##..# ##....#
#).## ##...### ##..# #
##..### #..##


You could see an ice beast.

Vanquished Creatures
  2 ice beasts (D:4)
  A phantom (D:4)
  A centaur (D:4)
  An ogre (D:3)
  A crimson imp (D:4)
  4 orc priests
  A bullfrog skeleton (D:3)
  2 hounds (D:4)
  4 orc wizards
  A centaur skeleton (D:4)
  Jessica (D:3)
  3 worker ants
  A hound skeleton (D:4)
  4 gnolls (D:3)
  5 adders
  2 oozes
  2 worms
  4 dart slugs
  A leopard gecko (D:3)
  13 orcs
  10 bats
  5 giant cockroaches
  5 goblins
  9 hobgoblins
  13 jackals
  3 quokkas
  A ball python (D:4)
  5 frilled lizards
  12 kobolds
  7 rats
124 creatures vanquished.

Notes
Turn   | Place    | Note
-------+----------+-------------------------------------------
     0 | D:1      | GroovyGamera the Troll Monk began the quest for the Orb.
     0 | D:1      | Reached XP level 1. HP: 22/22 MP: 0/0
    97 | D:1      | Reached XP level 2. HP: 29/29 MP: 1/1
   444 | D:1      | Reached XP level 3. HP: 37/37 MP: 2/2
   996 | D:2      | Reached skill level 4 in Unarmed Combat
  1352 | D:3      | Noticed Jessica
  1354 | D:3      | Killed Jessica
  1354 | D:3      | Reached XP level 4. HP: 45/45 MP: 3/3
  1408 | D:3      | Reached XP level 5. HP: 47/54 MP: 4/4
  1577 | D:3      | Reached skill level 5 in Unarmed Combat
  1905 | D:3      | Reached XP level 6. HP: 56/62 MP: 5/5
  2299 | D:3      | Found an opulent altar of Gozag.
  2300 | D:3      | Found a burning altar of Makhleb.
  2305 | D:3      | Became a worshipper of Makhleb the Destroyer
  2305 | D:3      | Reached * piety under Makhleb
  2305 | D:3      | Reached ** piety under Makhleb
  2333 | D:3      | Reached skill level 1 in Invocations
  2510 | D:4      | Reached XP level 7. HP: 65/71 MP: 7/7
  2549 | D:4      | Reached skill level 5 in Fighting
  2549 | D:4      | Reached skill level 6 in Unarmed Combat
  2603 | D:4      | Found a staircase to the Ecumenical Temple.
  2703 | D:4      | Found a sparkling altar of Nemelex Xobeh.
  2961 | D:4      | Found a transporter.
  3149 | D:4      | Found a transporter.
  3350 | D:4      | Reached XP level 8. HP: 79/80 MP: 10/10
  3367 | D:4      | HP: 1/80 [ice beast (14)]
  3368 | D:4      | Slain by an ice beast

Vault maps used:
D:1:      dpeg_arrival_tiny_c
D:3:      gammafunk_temple_overflow_statue, first_ration, minmay_misc_feat_x,
          uniq_jessica
D:4:      gammafunk_cloud_chamber, minmay_temple_entry_butterflies,
          nemelex_spade_bored_becter

Skill      XL: |  1  2  3  4  5  6  7 |
---------------+----------------------+-----
Fighting       | 3 4 5 |  5.3
Unarmed Combat | 4 5 6 |  6.5
Invocations    | 2 4 |  4.5
Dodging        | |  2.4
Stealth        | |  1.0

Action                   |  1- 3 |  4- 6 |  7- 9 || total
-------------------------+-------+-------+-------++-------
Melee: Unarmed           |   106 |   151 |    99 ||   356
       Punch             |     2 |     1 |     4 ||     7
 Stab: Sleeping          |     4 |     2 |     1 ||     7
       Distracted        |       |     1 |       ||     1
  Eat: Chunk             |    16 |    13 |     7 ||    36
Armor: Robe              |    49 |    37 |    22 ||   108
Dodge: Dodged            |    64 |    64 |    44 ||   172

Table legend:
 A = Non-vault XP
 B = Vault XP
 C = Vault XP percentage of total XP
 D = Non-vault monster count
 E = Vault monster count
 F = Vault count percentage of total count
 G = Total turns spent on level
                 A         B        C        D         E       F
            +---------+---------+-------+---------+---------+-------
      Total |    1326 |     295 |  18.2 |     121 |       3 |   2.4
            +---------+---------+-------+---------+---------+-------
        D:1 |      48 |       0 |   0.0 |      26 |       0 |   0.0
        D:2 |      41 |       0 |   0.0 |      22 |       0 |   0.0
        D:3 |     490 |      37 |   7.0 |      45 |       1 |   2.2
        D:4 |     747 |     258 |  25.7 |      28 |       2 |   6.7
            +---------+---------+-------+---------+---------+-------
